 Dungeon Crawl Stone Soup version 0.30-a0-672-gc3a7216ad8 (webtiles) character file.

Game seed: 1569531994025926168

306800 NokRude the Eclecticist (level 22, -10/167 HPs)
             Began as a Djinni Summoner on Jan 18, 2023.
             Was a High Priest of Ashenzari.
             Killed from afar by an acid blob (25 damage)
             ... with a splash of acid
             ... on level 1 of the Pits of Slime.
             The game lasted 03:13:27 (43141 turns).

NokRude the Eclecticist (Djinni Summoner)          Turns: 43141, Time: 03:13:28

Health: -10/167    AC: 16    Str:  4    XL:     22   Next: 9%
Gold:   2727       EV: 33    Int: 27    God:    Ashenzari [*****.] SH:  0 Dex: 19

rFire   + . .      SeeInvis +      - Unarmed
rCold   + . .      Faith    .    (shield currently unavailable)
rNeg    + + +      Spirit   .    (body armour currently unavailable)
rPois   ∞          Reflect  .    (helmet currently unavailable)
rElec   +          Harm     .    (cloak currently unavailable)
rCorr   .          Rampage  .    (gloves currently unavailable)
Will    ++...      Clarity  +    (boots unavailable)
Stlth   +++                      O - amulet of regeneration
HPRegen 1.27/turn                W - ring "Chained Gnosis" {rElec rF+ AC+4 Dex+4 SInv, Melee, Fort} (curse)
MPRegen 0.00/turn                D - ring of the Omniscient Sun {Fly rC+ rN+++ Str-3, Cun, Self} (curse)

@: storm-form, corroded, flying
A: cleaving, insubstantial, flying, sickness immunity, (fire resistance 2),
(cold vulnerability 1), float, innate caster, HP casting, extra vitality 1
}: 2/15 runes: barnacled, gossamer
a: Blinkbolt, End Transformation, Renounce Religion, Curse Item, Shatter the
Chains


You were on level 1 of the Pits of Slime.
You worshipped Ashenzari.
Ashenzari was extremely pleased with you.
You were a lightning-filled tempest!
You visited 8 branches of the dungeon, and saw 36 of its levels.
You visited the Abyss 1 time.
You also visited: Sewer and Gauntlet.

You collected 4417 gold pieces.
You spent 1690 gold pieces at shops.

Inventory:

Hand Weapons
 C - the cursed +9 lance "Wyrmbane" (melded) {slay drac, rPois rF+ rC+ AC+3, Self, Fort}
   (You took it off Maggie on level 7 of the Dungeon)

   AC:        It affects your AC (+3).
   rF:        It protects you from fire.
   rC:        It protects you from cold.
   rPois:     It protects you from poison.
   It has a curse which improves the following skills: Introspection: Fighting
   and Spellcasting.
   Fortitude: Armour and Shields.
Missiles
 t - 20 curare-tipped darts (quivered)
 u - 12 throwing nets
Armour
 p - the cursed +0 kite shield of Star-Bound Wisdom (melded) {Melee, Fort}
   (You found it on level 3 of the Dungeon)

   It has a curse which improves the following skills: Melee Combat: Short
   Blades, Long Blades, Axes, Maces & Flails, Polearms, Staves and Unarmed
   Combat.
   Fortitude: Armour and Shields.
 F - the cursed +4 troll leather armour "Disgust of Ashenzari" (melded) {Regen+, Fort, Cun}
   (You found it on level 1 of the Orcish Mines)

   Regen:     It increases your rate of health regeneration.
   It has a curse which improves the following skills: Fortitude: Armour and
   Shields.
   Cunning:   Dodging and Stealth.
 M - the cursed +2 helmet of the Prescient Vision (melded) {Int+3, Cun, Self}
   (You found it in a Gauntlet)

   It has a curse which improves the following skills: Cunning: Dodging and
   Stealth.
   Introspection: Fighting and Spellcasting.
 S - the cursed scarf of Ashenzari's Sun (melded) {+Inv, Fort, Range}
   (You found it on level 4 of the Spider Nest)

   It has a curse which improves the following skills: Fortitude: Armour and
   Shields.
   Ranged Combat: Ranged Weapons and Throwing.
Jewellery
 q - a ring of resist corrosion
 D - the cursed ring of the Omniscient Sun (right fist) {Fly rC+ rN+++ Str-3, Cun, Self}
   (You bought it in a shop on level 2 of the Orcish Mines)

   [ring of protection from cold]

   Str:       It affects your strength (-3).
   rC:        It protects you from cold.
   rN:        It renders you almost immune to negative energy.
   Fly:       It grants you flight.
   It has a curse which improves the following skills: Cunning: Dodging and
   Stealth.
   Introspection: Fighting and Spellcasting.
 J - a ring of ice
 K - a +4 ring of protection
 N - a +5 ring of evasion
 O - an amulet of regeneration (around neck)
 U - a ring of protection from fire
 V - a +4 ring of protection
 W - the cursed ring "Chained Gnosis" (left fist) {rElec rF+ AC+4 Dex+4 SInv, Melee, Fort}
   (You found it on level 4 of the Shoals)

   [ring of protection]

   AC:        It affects your AC (+4).
   Dex:       It affects your dexterity (+4).
   rF:        It protects you from fire.
   rElec:     It insulates you from electricity.
   SInv:      It lets you see invisible.
   It has a curse which improves the following skills: Melee Combat: Short
   Blades, Long Blades, Axes, Maces & Flails, Polearms, Staves and Unarmed
   Combat.
   Fortitude: Armour and Shields.
 Y - an amulet of the acrobat
 Z - a ring of willpower
Wands
 a - a wand of iceblast (20)
 e - a wand of quicksilver (31)
 l - a wand of flame (16)
 y - a wand of paralysis (57)
 B - a wand of digging (9)
 L - a wand of polymorph (5)
 T - a wand of mindburst (6)
Scrolls
 c - a scroll of butterflies
 d - 5 scrolls of enchant weapon
 f - 16 scrolls of teleportation
 g - 9 scrolls of immolation
 i - 7 scrolls of magic mapping
 r - 10 scrolls of vulnerability
 v - 6 scrolls of poison
 w - 3 scrolls of silence
 z - 4 scrolls of fog
 H - 3 scrolls of fear
 P - 5 scrolls of enchant armour
 R - 2 scrolls of brand weapon
Potions
 h - 12 potions of might
 j - 8 potions of lignification
 k - 5 potions of invisibility
 m - 8 potions of curing
 n - 6 potions of haste
 o - 5 potions of mutation
 s - 6 potions of ambrosia
 x - 2 potions of brilliance
 A - 2 potions of berserk rage
 G - 2 potions of heal wounds
 I - 2 potions of cancellation
 Q - 3 potions of resistance
Miscellaneous
 b - a condenser vane
 X - a phantom mirror


   Skills:
 * Level 15.3(17.5) Fighting
 - Level 7.0(9.4) Polearms
 + Level 1.0(5.4) Staves
 + Level 1.1 Throwing
 - Level 8.1(10.4) Armour
 * Level 13.5(15.7) Dodging
 - Level 1.5(3.1) Stealth
 - Level 11.6(13.9) Shields
 + Level 11.9(14.1) Unarmed Combat
 * Level 19.6(21.7) Spellcasting
 - Level 8.0 Evocations


You had 5 spell levels left.
You knew the following spells:

 Your Spells              Type           Power      Damage    Failure   Level
a - Summon Small Mammal   Summ           100%       N/A       0%          1
b - Call Imp              Summ           98%        N/A       0%          2
c - Call Canine Familiar  Summ           98%        N/A       0%          3
d - Summon Guardian Gole  Hex/Summ       98%        N/A       0%          3
e - Summon Lightning Spi  Summ/Air       98%        N/A       0%          4
f - Magic Dart            Conj           100%       1d8       0%          1
g - Blink                 Tloc           100%       N/A       0%          2
h - Mephitic Cloud        Conj/Pois/Air  98%        N/A       0%          3
i - Cause Fear            Hex            49%        N/A       0%          4
j - Metabolic Englaciati  Hex/Ice        49%        N/A       0%          5
k - Yara's Violent Unrav  Hex/Tmut       49%        3d19      0%          5
l - Simulacrum            Ice/Necr       49%        N/A       1%          6
m - Iron Shot             Conj/Erth      49%        9d9       1%          6
n - Storm Form            Tmut/Air       49%        N/A       1%          7
o - Orb of Destruction    Conj           49%        9d13      1%          7
Your spell library was empty.

Dungeon Overview and Level Annotations

Branches:
Dungeon (15/15)            Temple (1/1) D:5            Lair (5/5) D:8
 Shoals (4/4) Lair:3       Spider (4/4) Lair:2        Slime (2/5) Lair:5
    Orc (2/2) D:11            Elf (3/3) Orc:2        Vaults (0/5) D:14
 Depths (0/4) D:15          Sewer (visited)         Gauntlet (visited)

Altars:
Ashenzari
Cheibriados
Dithmenos
Elyvilon
Fedhas
Gozag
Hepliaklqana
Makhleb
Nemelex Xobeh
Okawaru
Qazlal
Ru
Trog
Uskayaw
Wu Jian
Xom
Yredelemnul
Zin
The Shining One
Jiyva

Shops:
D:12 (!=[[   Orc:2 ?(*=

Portals:
Abyss: Lair:3
Pandemonium: Orc:2
Trove: D:11 (give 5 scrolls of blinking)

Annotations:
D:7 2 runed translucent doors
D:11 3 runed translucent doors, kae's ghost, journeyman DsTm
Lair:1 1 runed translucent door, Jusyriro's ghost, journeyman DjCj
Lair:3 2 transporters, Pyga's ghost, journeyman DrCj
Orc:1 6 transporters


Innate Abilities, Weirdness & Mutations

You are a lightning-filled tempest!
Your electrical attacks strike out in all directions at once.
You are incredibly evasive.
Your insubstantial body is immune to petrification, constriction, and being set on fire You are flying.
Your armour is entirely melded.
You are incapable of wielding weapons or throwing items.
You are immune to sickness and miasma.
You are immune to poison.
((Your flesh is very heat resistant. (rF++)))
((You are vulnerable to cold. (rC-)))
You float through the air rather than walking.
You learn spells naturally, not from books.
Your magical power is your life essence.
You have superior vitality. (+4 MHP)


Message History

The bolt of electricity hits the rockslime.
The rockslime resists.
A slime creature comes into view.
Casting: Call Canine Familiar (safe; 0% risk of failure)
Confirm with . or Enter, or press ? or * to list all spells.
Aiming: Simulacrum (safe; 1% risk of failure)
Press: ? - help, Shift-Dir - straight line, f - acid blob
Aim: an acid blob (ally target)
You freeze the acid blob's soul. The acid blob spits acid at you.
The splash of acid hits you!
Your warg bites the acid blob!
Your warg is burned by acid!
The acid blob hits your warg!
Your warg is splashed with acid.
The acid corrodes your warg! The rockslime hits you!!
You hold your ground!
The acid blob spits acid at you. The splash of acid hits you!
Your warg bites the acid blob!
Your warg is burned by acid!
The acid blob spits acid at you. The splash of acid hits you!
The acid corrodes you! The rockslime closely misses you.
You fly upwards.
Your summoned ally is left behind.
There is a stone staircase leading down here.
You buffet the acid blob!
Your fists burn!
The acid blob is heavily wounded.
You hit the rockslime but do no damage. The rockslime hits you!!
You are shoved backwards!
The acid blob hits you! The acid corrodes you!
You are splashed with acid!
The rockslime misses you. The acid blob hits you!!
* * * LOW HITPOINT WARNING * * *
You are splashed with acid!
* * * LOW HITPOINT WARNING * * *
Okay, then.
You feel much better. The rockslime hits you!!!
* * * LOW HITPOINT WARNING * * *
You are shoved backwards!
The acid blob spits acid at you. The splash of acid hits you!!
You die...

##...........................
#....#.....>................. #
##........................>.. ##
##......^.....................
.###......#......................
..###............................
...###......#.....>..............
..####...........JJ.......<..#...
.....#..........v................
...............#.................
..............#...#..........###.
.........................#....###
..........................#..###.
.............................####
..#.#..........#..............# #
..####..........#............##
...##.....##...........#....#.##


You could see an acid blob (simulacrum) and a rockslime.

Vanquished Creatures
  A bone dragon (Abyss:2)
  A deep elf blademaster (Elf:2)
  An acid blob (Lair:5)
  A deep elf master archer (Elf:3)
  A rockslime (Lair:5)
  Ilsuiw (Shoals:4)
  An azure jelly (Slime:1)
  4 deep elf sorcerers (Elf:3)
  A quicksilver ooze (Slime:1)
  3 ghost moths
  3 deep elf elementalists (Elf:3)
  An ironbound preserver (D:14)
  5 deep elf demonologists
  5 deep elf annihilators
  A spark wasp (Spider:1)
  A merfolk javelineer (Shoals:1)
  A fire dragon (D:15)
  Fannar (Orc:1)
  A hydra (D:13)
  An ogre mage (D:15)
  A catoblepas (D:14)
  An ice dragon (D:15)
  A merfolk avatar (Shoals:2)
  2 death knights (D:14)
  5 centaur warriors
  A satyr (Shoals:4)
  3 boulder beetles
  7 two-headed ogres
  3 death yaks
  5 tengu warriors
  25 dancing weapons
  A thrashing horror (Abyss:2)
  24 deep elf knights
  8 skeletal warriors
  A death drake (shapeshifter) (D:13)
  A pharaoh ant (Spider:1)
  3 sea snakes
  An orb spider (Spider:1)
  A large abomination (Abyss:2)
  9 deep elf archers
  A steelbarb worm (Spider:2)
  3 orc knights (Orc:2)
  21 deep elf zephyrmancers
  A harpy (Shoals:3)
  A phantasmal warrior (D:14)
  A necromancer (Gauntlet)
  26 deep elf pyromancers
  26 ugly things
  A wolf spider (Spider:1)
  4 orc sorcerers (Orc:2)
  A mana viper (Abyss:2)
  5 manticores
  A faun (Shoals:3)
  3 black mambas
  7 cyclopes
  A smoke demon (Abyss:2)
  Psyche (D:12)
  4 cane toads
  A torpor snail (Lair:5)
  An unseen horror (D:12)
  A dire elephant skeleton (Abyss:2)
  An unseen horror (shapeshifter) (D:15)
  The ghost of funkygono the Magician, a novice DsFE (D:4)
  A rime drake (Lair:1)
  A komodo dragon (Lair:3)
  2 merfolk
  A tarantella (shapeshifter) (D:13)
  A meliai (shapeshifter) (Elf:3)
  2 polar bears
  3 trolls
  A raiju (Elf:3)
  A hornet (Lair:5)
  Prince Ribbit (D:8)
  10 tarantellas
  13 blink frogs
  A snapping turtle (Shoals:2)
  22 slime creatures
  3 culicivoras
  2 vampires
  7 jumping spiders
  6 water elementals
  A culicivora (shapeshifter) (Elf:1)
  2 air elementals (Elf:2)
  3 wyverns
  8 yaks
  7 spriggans (Lair:5)
  A wraith (D:14)
  6 fire elementals
  3 golden eyes
  2 steam dragons
  3 basilisks
  2 vampire mosquitoes
  7 redbacks
  An acid dragon (shapeshifter) (D:15)
  2 acid dragons
  5 water moccasins
  8 orc warriors
  3 sky beasts (D:7)
  A black bear (D:8)
  9 wolves
  An ogre (D:15)
  12 centaurs
  A boggart (Lair:5)
  3 kobold brigands (D:8)
  5 bullfrogs
  A gnoll sergeant (D:11)
  A scorpion (D:7)
  5 earth elementals
  A wight (D:8)
  A killer bee (D:7)
  5 howler monkeys (D:8)
  A hound (D:4)
  An orc priest (D:3)
  A jelly (D:8)
  6 orc wizards
  A small abomination (Abyss:2)
  8 gnolls
  3 adders
  A shadow imp (D:5)
  A white imp (D:7)
  3 dart slugs
  28 orcs
  4 ball pythons
  6 bats
  4 endoplasms
  4 giant cockroaches
  5 goblins
  2 hobgoblins
  A quokka (D:2)
  A frilled lizard (D:3)
  10 kobolds
  6 rats
  A bush (Elf:3)
537 creatures vanquished.

Vanquished Creatures (collateral kills)
  Arachne (Spider:3)
  Jorgrun (D:12)
  Zenata (Elf:3)
  2 deep elf master archers (Elf:3)
  Asterion (Spider:3)
  An acid blob (Lair:5)
  3 deep elf blademasters (Elf:3)
  Polyphemus (Shoals:3)
  Gastronok (Orc:1)
  A tentacled starspawn (Abyss:2)
  Agnes (Spider:4)
  Kirke (D:12)
  Roxanne (Shoals:1)
  A rockslime (Lair:5)
  An azure jelly (Slime:1)
  4 deep elf sorcerers (Elf:3)
  A ghost moth (Spider:4)
  A deep elf elementalist (Elf:3)
  2 emperor scorpions (Spider:4)
  A broodmother (Spider:4)
  5 very ugly things (Abyss:2)
  3 deep elf demonologists
  A spark wasp (Spider:1)
  5 deep elf annihilators (Elf:3)
  A minotaur (Gauntlet)
  Snorg (Orc:1)
  A green death (Gauntlet)
  2 deep elf death magi (Elf:3)
  4 merfolk javelineers
  4 deep elf high priests (Elf:3)
  3 entropy weavers
  9 merfolk impalers
  Harold (D:9)
  A vault guard (D:11)
  A hydra (Lair:4)
  A catoblepas (Shoals:3)
  A demonspawn (Orc:2)
  6 merfolk aquamancers
  2 alligator snapping turtles (Shoals:4)
  2 satyrs (Shoals:3)
  2 boulder beetles
  3 merfolk avatars
  7 dancing weapons
  2 two-headed ogres
  14 death yaks
  3 orc high priests (Orc:2)
  2 thrashing horrors (Abyss:2)
  2 deep elf knights
  A spriggan rider (Lair:5)
  A sun moth (Spider:3)
  8 sea snakes
  7 orb spiders
  Pikel (D:8)
  4 deep elf archers (Elf:3)
  3 steelbarb worms (Spider:4)
  3 orc knights (Orc:2)
  6 deep elf pyromancers
  A phantasmal warrior (D:14)
  An oklob plant (Lair:5)
  6 orc sorcerers
  9 deep elf zephyrmancers
  4 cyclopes
  13 harpies
  13 wolf spiders
  13 fauns
  An ugly thing (Abyss:2)
  9 merfolk sirens
  10 manticores
  2 moths of wrath (Spider:4)
  Maurice (Orc:1)
  A black mamba (Lair:5)
  6 water nymphs
  A dire elephant zombie (Abyss:2)
  10 demonic crawlers
  An apocalypse crab (Abyss:2)
  Joseph (D:8)
  2 smoke demons
  2 rust devils (Orc:2)
  2 orange demons (Gauntlet)
  Maggie (D:7)
  3 rime drakes
  2 unseen horrors (D:7)
  A gargoyle (D:12)
  5 cane toads
  4 komodo dragons
  19 merfolk
  4 meliai
  3 wind drakes
  3 hellwings
  2 hornets (Lair:5)
  3 trolls
  7 polar bears
  4 raiju (Abyss:2)
  14 tarantellas
  The ghost of DEFE the Twirler, an amateur DsWn (D:4)
  8 blink frogs
  15 snapping turtles
  A dream sheep (Lair:5)
  15 culicivoras
  18 slime creatures
  2 wyverns
  17 jumping spiders
  19 yaks
  A hog (D:12)
  7 spriggans (Lair:5)
  2 shadows (Gauntlet)
  7 water elementals
  A golden eye (Lair:5)
  A wraith (D:7)
  3 basilisks
  2 steam dragons (D:8)
  28 redbacks
  4 vampire mosquitoes
  2 wargs (Orc:2)
  A small abomination (Abyss:2)
  4 acid dragons
  14 water moccasins
  30 orc warriors
  6 black bears
  3 ice beasts
  A large abomination (Abyss:2)
  3 ogres
  10 centaurs
  27 wolves
  2 boggarts (Lair:5)
  The ghost of johnj the Trooper, an amateur GrMo (D:4)
  The ghost of ma3 the Sneak, an amateur MfEn (D:4)
  5 starcursed masses (Abyss:2)
  5 kobold brigands
  9 bullfrogs
  3 necrophages
  6 scorpions
  13 wights
  8 killer bees
  A nameless horror (D:5)
  6 howler monkeys
  5 hounds
  2 jellies
  21 orc priests
  3 iguanas
  8 orc wizards
  38 gnolls
  14 adders
  3 river rats (Sewer)
  A shadow imp (D:6)
  2 white imps
  An ufetubus (D:6)
  2 worms (D:5)
  3 dart slugs
  66 orcs
  A bat (D:1)
  A giant cockroach (D:2)
  2 goblins (D:1)
  4 hobgoblins
  12 jackals
  A quokka (D:1)
  6 ball pythons
  A frilled lizard (Sewer)
  15 kobolds
  4 rats
  A bush (Elf:3)
  2 starspawn tentacles (Abyss:2)
866 creatures vanquished.

Vanquished Creatures (others)
  An acid blob (Lair:5)
  A deep elf sorcerer (Elf:3)
  An emperor scorpion (Spider:1)
  A spark wasp (Spider:1)
  A centaur warrior (D:15)
  A radroach (Spider:1)
  3 death yaks
  A deep elf knight (Elf:1)
  A sun moth (Spider:1)
  A deep elf zephyrmancer (Elf:3)
  A wolf spider (Spider:1)
  A troll (D:8)
  A merfolk (Shoals:3)
  2 humans (D:12)
  A boggart (Lair:5)
  A killer bee (D:6)
  3 gnolls (D:4)
  91 fungi
  173 plants
  3 starspawn tentacles (Abyss:2)
  2 withered plants (D:4)
291 creatures vanquished.

Grand Total: 1694 creatures vanquished

Notes
Turn   | Place    | Note
-------+----------+-------------------------------------------
     0 | D:1      | NokRude the Djinni Summoner began the quest for the Orb.
     0 | D:1      | NokRude set off with the following spells memorised: Summon
                  | Small Mammal, Call Imp, Call Canine Familiar, Summon
                  | Guardian Golem, Summon Lightning Spire.
     0 | D:1      | Reached XP level 1. HP: 15/15 MP: 0/0
   189 | D:1      | Reached XP level 2. HP: 16/21 MP: 0/0
   646 | D:2      | Reached XP level 3. HP: 26/26 MP: 0/0
   646 | D:2      | Learned a level 1 spell: Magic Dart
   950 | D:2      | Reached skill level 4 in Spellcasting
  1119 | D:2      | Reached XP level 4. HP: 23/31 MP: 0/0
  1670 | D:3      | Reached skill level 1 in Fighting
  1670 | D:3      | Reached XP level 5. HP: 19/37 MP: 0/0
  1670 | D:3      | Learned a level 2 spell: Blink
  2469 | D:4      | Reached skill level 5 in Spellcasting
  2481 | D:4      | Reached XP level 6. HP: 21/42 MP: 0/0
  3030 | D:4      | Reached XP level 7. HP: 34/48 MP: 0/0
  3030 | D:4      | Learned a level 3 spell: Mephitic Cloud
  3191 | D:4      | Found a runed translucent gate.
  3191 | D:4      | Found a runed translucent gate.
  3191 | D:4      | Found a runed translucent gate.
  3193 | D:4      | Noticed ma3's ghost (amateur MfEn)
  3193 | D:4      | Noticed DEFE's ghost (amateur DsWn)
  3194 | D:4      | Noticed johnj's ghost (amateur GrMo)
  3194 | D:4      | Noticed funkygono's ghost (novice DsFE)
  3289 | D:4      | Reached skill level 6 in Spellcasting
  3606 | D:4      | Reached XP level 8. HP: 41/54 MP: 0/0
  3779 | D:4      | Reached skill level 7 in Spellcasting
  4077 | D:5      | Entered Level 5 of the Dungeon
  4306 | D:5      | Found a glowing drain.
  4317 | Sewer    | Entered a sewer
  5010 | D:5      | Found a staircase to the Ecumenical Temple.
  5023 | Temple   | Entered the Ecumenical Temple
  5023 | Temple   | Found a transporter.
  5023 | Temple   | Found a transporter.
  5026 | Temple   | Found a transporter.
  5026 | Temple   | Found a transporter.
  5097 | Temple   | Became a worshipper of Ashenzari the Shackled
  5554 | D:5      | Reached skill level 8 in Spellcasting
  5755 | D:6      | Reached XP level 9. HP: 48/60 MP: 0/0
  5755 | D:6      | Learned a level 4 spell: Cause Fear
  5777 | D:6      | Found a hide-covered altar of Uskayaw.
  6180 | D:6      | Reached skill level 9 in Spellcasting
  6571 | D:7      | Found a snail-covered altar of Cheibriados.
  6571 | D:7      | Found a burning altar of Makhleb.
  6571 | D:7      | Found a glowing golden altar of the Shining One.
  6571 | D:7      | Found a shadowy altar of Dithmenos.
  6571 | D:7      | Noticed Maggie
  6576 | D:7      | Reached skill level 1 in Shields
  6579 | D:7      | Killed Maggie
  6638 | D:7      | Found a bloodstained altar of Trog.
  6638 | D:7      | Found a sacrificial altar of Ru.
  6763 | D:7      | Reached XP level 10. HP: 49/67 MP: 0/0
  6764 | D:7      | Reached skill level 10 in Spellcasting
  7329 | D:7      | Reached * piety under Ashenzari
  7358 | D:7      | Reached skill level 1 in Staves
  7380 | D:7      | Found a large runed translucent door.
  7380 | D:7      | Found a large runed translucent door.
  7981 | D:7      | Found a large runed translucent door.
  7981 | D:7      | Found a large runed translucent door.
  8157 | D:7      | Reached skill level 1 in Armour
  8367 | D:7      | Reached skill level 1 in Polearms
  8447 | D:7      | Noticed a two-headed ogre
  8461 | D:7      | Killed a two-headed ogre
  8462 | D:7      | Reached skill level 11 in Spellcasting
  8676 | D:7      | Reached XP level 11. HP: 55/76 MP: 0/0
  8676 | D:7      | Learned a level 5 spell: Metabolic Englaciation
  8855 | D:7      | Reached skill level 5 in Fighting
  9071 | D:8      | Noticed Joseph
  9084 | D:8      | Killed Joseph
  9086 | D:8      | Noticed Prince Ribbit
  9102 | D:8      | Killed Prince Ribbit
  9775 | D:8      | Noticed Pikel
  9782 | D:8      | Killed Pikel
 10011 | D:8      | Reached skill level 12 in Spellcasting
 10110 | D:8      | Found a staircase to the Lair.
 10133 | D:8      | Reached ** piety under Ashenzari
 10488 | D:9      | Noticed a two-headed ogre
 10579 | D:8      | Killed a two-headed ogre
 10580 | D:8      | Reached XP level 12. HP: 44/85 MP: 0/0
 10803 | D:9      | Noticed Harold
 10813 | D:9      | Killed Harold
 10814 | D:9      | Reached skill level 5 in Shields
 10988 | D:9      | Found an ornate altar of the Wu Jian Council.
 11016 | D:9      | Reached *** piety under Ashenzari
 11260 | D:10     | Entered Level 10 of the Dungeon
 11606 | D:10     | Identified a scroll of acquirement
 11619 | D:10     | Acquired 866 gold pieces
 12069 | D:10     | Found an iron altar of Okawaru.
 12200 | D:10     | Found a shimmering altar of Xom.
 12975 | D:11     | Noticed a boulder beetle
 13240 | D:10     | Killed a boulder beetle
 13241 | D:10     | Reached skill level 5 in Armour
 13423 | D:11     | Found a staircase to the Orcish Mines.
 13433 | D:11     | Reached skill level 13 in Spellcasting
 13492 | D:11     | Noticed a vault guard
 13520 | D:11     | Killed a vault guard
 13648 | D:11     | Found a portal to a secret trove of treasure.
 13712 | D:11     | Reached **** piety under Ashenzari
 13785 | D:11     | Found a runed translucent gate.
 13785 | D:11     | Found a runed translucent gate.
 13785 | D:11     | Found a runed translucent gate.
 13790 | D:11     | Noticed kae's ghost (journeyman DsTm)
 14132 | Lair:1   | Entered Level 1 of the Lair of Beasts
 14220 | Lair:1   | Reached XP level 13. HP: 61/98 MP: 0/0
 14220 | Lair:1   | Learned a level 5 spell: Yara's Violent Unravelling
 14932 | Lair:1   | Found a runed translucent door.
 14934 | Lair:1   | Noticed Jusyriro's ghost (journeyman DjCj)
 15044 | Lair:1   | Identified the +2 spear of Cocytus {venom, Dex+2}
 15317 | Lair:2   | Reached skill level 5 in Polearms
 15332 | Lair:2   | Found a gate leading to a gauntlet.
 15341 | Gauntlet | Entered a Gauntlet
 15341 | Gauntlet | Found a transporter.
 15527 | Gauntlet | Found a transporter.
 15529 | Gauntlet | Found a transporter.
 15531 | Gauntlet | Found a transporter.
 15559 | Gauntlet | Found a transporter.
 15577 | Gauntlet | Found a transporter.
 15585 | Gauntlet | Found a transporter.
 15603 | Gauntlet | Found a transporter.
 15613 | Gauntlet | Noticed a green death
 15624 | Gauntlet | Found a transporter.
 15636 | Gauntlet | Found a transporter.
 15638 | Gauntlet | Identified the ring "Abog" {rF++ rC+ rN+ Int+4}
 15648 | Gauntlet | Found a transporter.
 15661 | Gauntlet | Found a transporter.
 15669 | Gauntlet | Noticed a ghost crab
 15676 | Gauntlet | Found a transporter.
 15691 | Gauntlet | Found a transporter.
 15712 | Gauntlet | Found a transporter.
 15714 | Gauntlet | Found a transporter.
 15714 | Gauntlet | Identified the +1 pair of boots "Todusito" {Dex+3}
 15776 | Gauntlet | Identified the ring of Qitti {Fly rCorr}
 15778 | Gauntlet | Found a transporter.
 15780 | Gauntlet | Found a transporter.
 16117 | Gauntlet | Killed a green death
 16204 | Gauntlet | Identified the +8 scimitar of Ru's Brutal Revenge {heavy,
                  | Dex+5 Stlth-}
 16204 | Gauntlet | Noticed a minotaur
 16204 | Gauntlet | Identified the +9 hand axe "Bogilith" {flame, rElec Str+4}
 16204 | Gauntlet | Identified the +0 morningstar "Suckott" {antimagic, Contam
                  | *Corrode rPois rN+++}
 16204 | Gauntlet | Identified the +1 spear of Big Damage {distort, Str+3}
 16219 | Gauntlet | Killed a minotaur
 16985 | Lair:2   | Found a hole to the Spider Nest.
 17628 | Lair:3   | Found a staircase to the Shoals.
 17654 | Lair:3   | Noticed a cacodemon
 17664 | Lair:3   | Found a transporter.
 17675 | Lair:3   | Noticed Pyga's ghost (journeyman DrCj)
 17716 | Lair:3   | Found a one-way gate to the infinite horrors of the Abyss.
 17717 | Lair:3   | Noticed a rakshasa
 17799 | Lair:3   | Reached XP level 14. HP: 67/108 MP: 0/0
 17845 | Lair:3   | Reached skill level 14 in Spellcasting
 18305 | Lair:3   | Found a transporter.
 20046 | Lair:5   | Entered Level 5 of the Lair of Beasts
 20438 | Lair:5   | Found a staircase to the Slime Pits.
 20438 | Lair:5   | Found a viscous altar of Jiyva.
 20907 | Lair:5   | Reached XP level 15. HP: 101/115 MP: 0/0
 20907 | Lair:5   | Learned a level 6 spell: Simulacrum
 21303 | Lair:5   | Reached skill level 15 in Spellcasting
 22045 | Orc:1    | Entered Level 1 of the Orcish Mines
 22045 | Orc:1    | Found a transporter.
 22045 | Orc:1    | Found a transporter.
 22045 | Orc:1    | Found a transporter.
 22046 | Orc:1    | Found a sparkling altar of Nemelex Xobeh.
 22046 | Orc:1    | Noticed a juggernaut
 22053 | Orc:1    | Noticed Snorg
 22066 | Orc:1    | Killed Snorg
 22071 | Orc:1    | Noticed Gastronok
 22076 | Orc:1    | Killed Gastronok
 22244 | Orc:1    | Found a transporter.
 22244 | Orc:1    | Found a transporter.
 22244 | Orc:1    | Found a transporter.
 22360 | Orc:2    | Entered Level 2 of the Orcish Mines
 23013 | Orc:2    | Found a staircase to the Elven Halls.
 23295 | Orc:2    | Found Hiogoton's General Store.
 23298 | Orc:2    | Found Volaal's Magic Scroll Emporium.
 23566 | Orc:2    | Reached skill level 10 in Fighting
 23566 | Orc:2    | Reached skill level 1 in Throwing
 23586 | Orc:2    | Reached skill level 5 in Dodging
 23586 | Orc:2    | Reached skill level 10 in Shields
 23915 | Orc:2    | Found Bemen's Jewellery Boutique.
 23915 | Orc:2    | Found Muivem's Antique Weapon Shop.
 23916 | Orc:2    | Found a one-way gate leading to the halls of Pandemonium.
 24245 | Orc:1    | Noticed Maurice
 24255 | Orc:1    | Killed Maurice
 24311 | Orc:2    | Bought a scroll of teleportation for 39 gold pieces
 24311 | Orc:2    | Bought a scroll of enchant armour for 97 gold pieces
 24559 | D:4      | Killed funkygono's ghost
 24560 | D:4      | Killed DEFE's ghost
 24565 | D:4      | Killed ma3's ghost
 24566 | D:4      | Killed johnj's ghost
 24861 | Orc:2    | Bought an amulet of reflection for 420 gold pieces
 24861 | Orc:2    | Bought the ring of Xom's Ringing Laughter {Fly rC+ rN+++
                  | Str-3} for 683 gold pieces
 25233 | Orc:1    | Noticed Fannar
 25247 | Orc:1    | Killed Fannar
 25546 | Spider:1 | Entered Level 1 of the Spider Nest
 25546 | Spider:1 | Identified the +5 arbalest of the Blowfly {elec, rF+}
 25782 | Spider:1 | Noticed an emperor scorpion
 25812 | Spider:1 | Killed an emperor scorpion
 25813 | Spider:1 | Reached XP level 16. HP: 55/123 MP: 0/0
 26813 | Spider:1 | Identified the +1 trident of Insufficient Pleasure {elec,
                  | Will+}
 27370 | Spider:2 | Reached ***** piety under Ashenzari
 27863 | Spider:3 | Noticed Arachne
 27880 | Spider:3 | Killed Arachne
 28198 | Spider:3 | Identified the +1 kite shield "Hul Utuga" {Harm Will+ Str+3
                  | SInv}
 28198 | Spider:3 | Noticed Asterion
 28209 | Spider:3 | Killed Asterion
 28385 | Spider:4 | Entered Level 4 of the Spider Nest
 28577 | Spider:4 | Reached XP level 17. HP: 87/135 MP: 0/0
 28577 | Spider:4 | Learned a level 6 spell: Iron Shot
 28676 | Spider:4 | Noticed Agnes
 28682 | Spider:4 | Killed Agnes
 28683 | Spider:4 | Reached skill level 10 in Dodging
 29046 | Spider:4 | Got a gossamer rune of Zot
 29342 | Shoals:1 | Entered Level 1 of the Shoals
 29467 | Shoals:1 | Identified Roxanne's Discourse on Reconstruction
 29467 | Shoals:1 | Noticed Roxanne
 29491 | Shoals:1 | Killed Roxanne
 29585 | Shoals:1 | Reached skill level 1 in Evocations
 30470 | Shoals:2 | Reached skill level 16 in Spellcasting
 30713 | Shoals:2 | Identified the +9 plate armour of the Tormentor {Rampage
                  | Int+4}
 31312 | Shoals:3 | Reached XP level 18. HP: 131/146 MP: 0/0
 31670 | Shoals:3 | Noticed Polyphemus
 31677 | Shoals:3 | Reached skill level 5 in Evocations
 31681 | Shoals:3 | Killed Polyphemus
 32086 | Shoals:4 | Entered Level 4 of the Shoals
 32465 | Shoals:4 | Noticed Ilsuiw
 32554 | Shoals:4 | Killed Ilsuiw
 32953 | Shoals:4 | Got a barnacled rune of Zot
 32994 | Shoals:4 | Reached skill level 15 in Fighting
 33339 | Shoals:4 | Identified the ring "Zuleivoz" {rElec rF+ AC+4 Dex+4 SInv}
 33531 | Shoals:4 | Identified the Excursus on Mud
 33830 | D:12     | Noticed Kirke
 33835 | D:12     | Killed Kirke
 33863 | D:12     | Found Buxib's Armour Emporium.
 33864 | D:12     | Identified the +5 dagger of the Blessed Realm {drain,
                  | Contam +Blink Str+3 Stlth+}
 33928 | D:12     | Found Zitranlo's Armour Shoppe.
 34002 | D:12     | Noticed Psyche
 34007 | D:12     | Noticed Jorgrun
 34024 | D:12     | Killed Psyche
 34025 | D:12     | Killed Jorgrun
 34096 | D:12     | Found Jeeddike's Jewellery Emporium.
 34234 | D:12     | Found Quelex's Distillery.
 34248 | D:12     | Bought 2 potions of curing for 66 gold pieces
 34248 | D:12     | Bought a potion of haste for 110 gold pieces
 34248 | D:12     | Bought 2 potions of curing for 66 gold pieces
 34248 | D:12     | Bought a potion of curing for 33 gold pieces
 34248 | D:12     | Bought a potion of curing for 33 gold pieces
 34248 | D:12     | Bought a potion of curing for 33 gold pieces
 34248 | D:12     | Bought a potion of resistance for 110 gold pieces
 34323 | D:12     | Found a snail-covered altar of Cheibriados.
 34464 | D:12     | Found Wotiut's Weapon Shoppe.
 34707 | D:13     | Reached XP level 19. HP: 153/157 MP: 0/0
 34707 | D:13     | Learned a level 7 spell: Storm Form
 34786 | D:13     | Identified the cursed scarf of Ashenzari's Sun {+Inv, Fort,
                  | Range} (You found it on level 4 of the Spider Nest)
 34786 | D:13     | Identified the cursed +2 helmet of the Prescient Vision
                  | {Int+3, Cun, Self} (You found it in a Gauntlet)
 34786 | D:13     | Identified the cursed +0 kite shield of Star-Bound Wisdom
                  | {Melee, Fort} (You found it on level 3 of the Dungeon)
 34786 | D:13     | Identified the cursed +4 troll leather armour "Disgust of
                  | Ashenzari" {Regen+, Fort, Cun} (You found it on level 1 of
                  | the Orcish Mines)
 34872 | D:13     | Reached skill level 17 in Spellcasting
 35286 | D:13     | Identified the +5 trident "Fatask" {flame, *Noise rElec
                  | rPois Will+}
 35315 | D:13     | Reached skill level 1 in Unarmed Combat
 36076 | D:14     | Found a gate to the Vaults.
 36785 | D:15     | Entered Level 15 of the Dungeon
 36829 | D:15     | Reached skill level 5 in Unarmed Combat
 37600 | D:15     | Found a staircase to the Depths.
 37961 | Elf:1    | Entered Level 1 of the Elven Halls
 38747 | Elf:1    | Reached XP level 20. HP: 123/158 MP: 0/0
 39295 | Elf:2    | Paralysed by an air elemental for 1 turns
 39368 | Elf:2    | Found a runed translucent gate.
 39373 | Elf:2    | Found a runed translucent gate.
 39374 | Elf:2    | Found a runed translucent gate.
 39644 | Elf:2    | Paralysed by an air elemental for 1 turns
 39877 | Elf:2    | Reached skill level 18 in Spellcasting
 39891 | Elf:2    | Reached skill level 10 in Unarmed Combat
 40227 | Elf:3    | Entered Level 3 of the Elven Halls
 40360 | Elf:3    | Noticed Zenata
 40371 | Elf:3    | Killed Zenata
 40610 | Elf:3    | Reached XP level 21. HP: 117/161 MP: 0/0
 40610 | Elf:3    | Learned a level 7 spell: Orb of Destruction
 40694 | Abyss:2  | Found a corrupted altar of Lugonu.
 40694 | Abyss:2  | Cast into level 2 of the Abyss (a deep elf sorcerer)
 40735 | Abyss:2  | Found a corrupted altar of Lugonu.
 40807 | Abyss:2  | Found a corrupted altar of Lugonu.
 40850 | Abyss:2  | Found a corrupted altar of Lugonu.
 40951 | Abyss:2  | Noticed a bone dragon
 40963 | Abyss:2  | Killed a bone dragon
 40969 | Elf:3    | Escaped the Abyss
 41000 | Elf:3    | Reached skill level 19 in Spellcasting
 41074 | Elf:3    | Identified the +1 hand axe "Yceubi Fiule" {heavy, rElec rC-
                  | Str+5 SInv}
 41076 | Elf:3    | Noticed a Brimstone Fiend
 41783 | Elf:3    | Identified Sif Muna's Lessons on Volcanic Phantasms
 41786 | Elf:3    | Identified the +3 dagger of Infinity {venom, Fly Will+
                  | Str+4}
 41786 | Elf:3    | Identified Kebbes's Handbook of Blasted Bewitchment
 42252 | Slime:1  | Entered Level 1 of the Pits of Slime
 42519 | Lair:5   | HP: 7/161 [acid blob/splash of acid (21)]
 42663 | Lair:5   | Reached XP level 22. HP: 127/167 MP: 0/0
 43141 | Slime:1  | Killed from afar by an acid blob

Illustrated notes

Levels and vault maps discovered:
D:1:      minmay_arrival_split_and_join, layout_rooms, moated_statue
D:2:      layout_loops_cross, minmay_misc_feat_hallway,
          nicolae_underground_beach
D:3:      layout_basic, overflow_temple_1_default
D:4:      lemuel_castle_with_subvaults [lemuel_castle_interior_carwin_1],
          layout_basic, gammafunk_ghost_cemetery
D:5:      layout_loops_cross, minmay_temple_entry_junction,
          lightli_sewer_entry_pipes
D:6:      layout_basic, overflow_temple_1_default, minivault_23, chequers_jeans
D:7:      minmay_clustersquares, layout_basic, minmay_overflow_temple_hex,
          minmay_hollow_rounded_squares, uniq_maggie
D:8:      layout_basic, due_lair_maze_entry_diamond, serial_curves,
          eino_curves_03, eino_curves_01, minmay_alternating_orb,
          uniq_prince_ribbit1, uniq_pikel, uniq_joseph
D:9:      layout_cave_pools, mainiacjoe_overflow_chevrons, uniq_harold
D:10:     layout_grid_maze, mainiacjoe_overflow_two_lobes, kennysheep_diamond,
          minivault_26
D:11:     layout_gridville, david_orc_5, gammafunk_ghost_spectres, enter_trove_5
D:12:     layout_irregular_city, serial_shops, nicolae_shop_window_shopping,
          nicolae_shop_bloodbath_and_beyond, shop, nicolae_shop_statue_plus,
          nicolae_shop_crystal, cheibriados_altar_1, uniq_psyche, uniq_jorgrun,
          uniq_kirke
D:13:     layout_loops_corners, minmay_misc_feat_rugged
D:14:     layout_stronghold, skrybe_vaults_entry_preservation,
          patterned_corridor
D:15:     grunt_enter_depths_hoard, layout_basic, minmay_fountain_box,
          nicolae_fountain_basement
Temple:   hellmonk_temple_divided_pantheon
Lair:1:   layout_regular_city, ebering_ghost_funeral_grove, grunt_megastairs_4
Lair:2:   layout_misc_corridors, hellmonk_spider_entry_life_and_decay,
          gauntlet_entry_generic
Lair:3:   layout_cave_pods, minmay_shoals_entry_centaurs,
          gammafunk_ghost_abyssal_escape
Lair:4:   layout_cave_pods
Lair:5:   minmay_lair_end_enchanted_forest, layout_regular_city, slime_entry_1,
          serial_bayou_shore_b, lemuel_fruit_tree
Shoals:1: layout_shoals, uniq_roxanne
Shoals:2: layout_shoals
Shoals:3: layout_shoals, uniq_polyphemus
Shoals:4: shoals_end_simple, layout_shoals, shoals_ilsuiw_ice
Spider:1: layout_spider_delve
Spider:2: layout_spider_delve
Spider:3: layout_spider_delve, uniq_arachne, uniq_asterion
Spider:4: grunt_spider_rune_parallel, uniq_agnes
Slime:1:  layout_caves
Slime:2:  layout_caves
Orc:1:    layout_diamond_mine, basic_altar, hellmonk_jugg_or_not, uniq_maurice,
          uniq_snorg, uniq_fannar, uniq_gastronok
Orc:2:    pf_orc_diabolical, layout_diamond_mine
Elf:1:    layout_geoelf_diagonals, hangedman_corner_corridor
Elf:2:    nicolae_elf_blades_crystal_corner, layout_geoelf_grid,
          grunt_megastairs_5
Elf:3:    minmay_elf_hall_statues, layout_geoelf_octagon, uniq_zenata

Skill      XL: |  1  2  3  4  5  6  7  8  9 10 11 12 13 14 15 16 17 18 19 20 21 |
---------------+----------------------------------------------------------------+-----
Spellcasting   | 4 5 6 8 9 11 12 13 14 15 16 17 18 19 | 19.6
Fighting       | 1 2 3 4 6 8 11 12 14 15 | 15.3
Shields        | 1 3 4 6 7 8 10 11 | 11.6
Staves         | 1 |  1.0
Armour         | 2 4 5 6 8 |  8.1
Polearms       | 1 3 4 5 6 7 |  7.0
Dodging        | 6 9 10 12 13 | 13.5
Throwing       | 1 |  1.1
Evocations     | 3 8 |  8.0
Unarmed Combat | 8 10 11 | 11.9
Stealth        | |  1.5

Action                   |  1- 3 |  4- 6 |  7- 9 | 10-12 | 13-15 | 16-18 | 19-21 | 22-24 || total
-------------------------+-------+-------+-------+-------+-------+-------+-------+-------++-------
Melee: Unarmed           |    28 |     4 |       |       |       |       |   634 |    21 ||   687
       Staff             |       |     2 |    32 |       |       |       |       |       ||    34
       Lance             |       |       |     4 |   230 |   542 |   588 |     2 |     1 ||  1367
       Punch             |       |       |       |       |       |       |    44 |     2 ||    46
Throw: Dart              |       |       |       |     2 |     7 |       |       |       ||     9
 Cast: Summon Small Mamm |     9 |       |       |       |     2 |     1 |       |       ||    12
       Call Imp          |    10 |     3 |     1 |       |     1 |     4 |     2 |       ||    21
       Magic Dart        |    33 |    69 |     9 |       |       |       |       |       ||   111
       Call Canine Famil |     1 |     9 |     6 |    17 |    17 |    27 |     5 |     2 ||    84
       Summon Lightning  |       |     4 |    61 |    66 |   107 |    86 |    43 |     5 ||   372
       Summon Guardian G |       |     4 |     2 |    12 |     9 |    14 |     3 |       ||    44
       Mephitic Cloud    |       |       |    21 |    18 |    27 |     5 |       |       ||    71
       Cause Fear        |       |       |     1 |    17 |    17 |     6 |     1 |       ||    42
       Blink             |       |       |       |     1 |     7 |       |     4 |       ||    12
       Metabolic Englaci |       |       |       |     3 |     3 |     5 |       |       ||    11
       Yara's Violent Un |       |       |       |       |     7 |       |     8 |       ||    15
       Simulacrum        |       |       |       |       |    46 |   207 |    87 |    16 ||   356
       Iron Shot         |       |       |       |       |       |     1 |     2 |       ||     3
       Storm Form        |       |       |       |       |       |       |    55 |     3 ||    58
       Orb of Destructio |       |       |       |       |       |       |     2 |       ||     2
Invok: Curse Item        |       |       |     1 |     5 |     1 |     5 |       |       ||    12
       Shatter the Chain |       |       |       |       |     2 |     2 |     1 |       ||     5
 Abil: Blinkbolt         |       |       |       |       |       |       |    12 |       ||    12
  Use: Potion            |       |     1 |     1 |     4 |     4 |       |    10 |     1 ||    21
       Scroll            |       |       |     5 |     2 |     5 |     1 |     2 |       ||    15
 Stab: Sleeping          |       |       |     1 |     4 |     1 |     1 |     2 |       ||     9
       Distracted        |       |       |       |     5 |    11 |     9 |     9 |     2 ||    36
       Confused          |       |       |       |     4 |    14 |     1 |       |       ||    19
Armor: Robe              |     9 |     2 |    12 |    58 |       |       |       |       ||    81
       Swamp dragon scal |       |       |       |    66 |   126 |       |       |       ||   192
       Troll leather arm |       |       |       |       |    41 |   161 |     1 |       ||   203
       Skin              |       |       |       |       |       |       |   153 |     2 ||   155
Dodge: Dodged            |    31 |    23 |    64 |   117 |   163 |   232 |   701 |    13 ||  1344
Block: Kite shield       |       |       |     4 |   145 |   281 |   549 |     4 |       ||   983
       Reflection        |       |       |       |       |     1 |    37 |    12 |       ||    50
       Other             |       |       |       |       |       |       |    58 |       ||    58

Table legend: (Time is in decaauts)
 A = Elapsed time spent in this place.
 B = Non-inter-level travel time spent in this place.
 C = Inter-level travel time spent in this place.
 D = Time resting spent in this place.
 E = Time spent auto-exploring this place.
 F = Levels seen in this place.
 G = Mean time per level.
                   A        B        C        D        E       F      G
               +--------+--------+--------+--------+--------+-----+--------+
         Total |  42743 |  39617 |   3126 |   1950 |  27805 |  39 | 1096.0 |
       Dungeon |  18328 |  16939 |   1389 |   1183 |  12223 |  15 | 1221.9 |
        Temple |     92 |     92 |      0 |      0 |      0 |   1 |   92.0 |
          Lair |   7530 |   6912 |    618 |     26 |   5288 |   5 | 1506.0 |
        Shoals |   4237 |   4098 |    139 |    200 |   2799 |   4 | 1059.2 |
   Spider Nest |   3571 |   3414 |    157 |     63 |   2323 |   4 |  892.8 |
    Slime Pits |    429 |    403 |     26 |      0 |    298 |   2 |  214.5 |
  Orcish Mines |   3100 |   2502 |    598 |     16 |   1766 |   2 | 1550.0 |
   Elven Halls |   3616 |   3421 |    195 |      4 |   2518 |   3 | 1205.3 |
         Abyss |    273 |    273 |      0 |      0 |    111 |   1 |  273.0 |
         Sewer |    532 |    532 |      0 |      0 |    419 |   1 |  532.0 |
      Gauntlet |   1030 |   1030 |      0 |    458 |     60 |   1 | 1030.0 |
               +--------+--------+--------+--------+--------+-----+--------+

Top non-repeatable levels by time:
     D:7: 2820 daAuts
   Orc:2: 2355 daAuts
  Lair:5: 2182 daAuts
     D:4: 2012 daAuts
    D:10: 1941 daAuts
  Lair:3: 1606 daAuts
Spider:1: 1524 daAuts
Shoals:4: 1494 daAuts
  Lair:4: 1455 daAuts
     D:8: 1395 daAuts
   Elf:3: 1359 daAuts
   Elf:1: 1276 daAuts
  Lair:2: 1219 daAuts
    D:11: 1188 daAuts
    D:13: 1107 daAuts
